 Dungeon Crawl Stone Soup version 0.29.1-1-gd02db6906a (webtiles) character file.

Game seed: 6856644358288662128

3304 safid the Marksminotaur (level 9, -1/69 HPs)
             Began as a Minotaur Hunter on Oct 14, 2022.
             Was a Believer of Okawaru.
             Slain by an ice beast (14 damage)
             ... on level 7 of the Dungeon.
             The game lasted 00:11:14 (4801 turns).

safid the Marksminotaur (Minotaur Hunter)           Turns: 4801, Time: 00:11:15

Health: -1/69      AC:  4    Str: 15    XL:     9   Next: 70%
Magic:  8/8        EV: 12    Int:  6    God:    Okawaru [**....]
Gold:   211        SH:  0    Dex: 19    Spells: 8/8 levels left

rFire   + . .      SeeInvis +   B - +2 shortbow (freeze)
rCold   . . .      Faith    .   (shield currently unavailable)
rNeg    . . .      Spirit   .   c - +0 leather armour
rPois   .          Reflect  .   (helmet restricted)
rElec   .          Harm     .   (no cloak)
rCorr   .          Rampage  .   v - +0 pair of gloves
Will    .....                   (no boots)
Stlth   ++........              p - amulet of regeneration
HPRegen 1.01/turn               A - ring of protection from fire
MPRegen 0.11/turn               w - ring of see invisible

@: lethally poisoned (-1 -> -2), slowed, studying Conjurations, very slow
A: horns 2, retaliatory headbutt
a: Renounce Religion, Heroism


You were on level 7 of the Dungeon.
You worshipped Okawaru.
Okawaru was pleased with you.
You visited 2 branches of the dungeon, and saw 8 of its levels.
You also visited: Ossuary.

You collected 364 gold pieces.
You spent 153 gold pieces at shops.

Inventory:

Hand Weapons
 B - a +2 shortbow of freezing (weapon)
Missiles
 f - 2 throwing nets
Armour
 c - a +0 leather armour (worn)
 v - a +0 pair of gloves (worn)
Jewellery
 b - a ring of flight
 p - an amulet of regeneration (around neck)
 r - a ring of positive energy
 w - a ring of see invisible (right hand)
 A - a ring of protection from fire (left hand)
 H - a ring of ice
Wands
 a - a wand of iceblast (20)
 x - a wand of flame (30)
Scrolls
 e - 2 scrolls of poison {unknown}
 h - 2 scrolls of brand weapon
 j - 2 scrolls of fear
 s - a scroll of acquirement {unknown}
 u - 3 scrolls of enchant armour
 y - 3 scrolls of magic mapping {unknown}
 C - 3 scrolls of enchant weapon {unknown}
 E - a scroll of summoning {unknown}
 I - a scroll of teleportation {unknown}
Potions
 d - 2 potions of lignification {unknown}
 g - 5 potions of flight {unknown}
 i - a potion of haste {unknown}
 k - a potion of berserk rage {unknown}
 l - 3 potions of brilliance {unknown}
 m - 3 potions of might {unknown}
 n - 2 potions of resistance {unknown}
 o - 6 potions of curing {unknown}
 t - a potion of cancellation {unknown}
 z - 3 potions of mutation {unknown}
 D - 2 potions of magic {unknown}
 F - a potion of invisibility {unknown}
 G - 2 potions of ambrosia {unknown}


   Skills:
 - Level 3.0 Fighting
 + Level 15.3 Ranged Weapons
 - Level 2.1 Dodging
 - Level 0.7 Stealth


You had 8 spell levels left.
You didn't know any spells.
Your spell library contained the following spells:

 Spells                   Type           Power      Damage    Failure   Level
 Inner Flame              Hex/Fire       0%         N/A       88%         3
 Cause Fear               Hex            0%         N/A       99%         4
 Borgnjor's Revivificati  Necr           0%         N/A       100%        8
 Discord                  Hex            0%         N/A       100%        8
 Necromutation            Tmut/Necr      0%         N/A       100%        8
 Death's Door             Necr           0%         N/A       100%        9


Dungeon Overview and Level Annotations

Branches:
Dungeon (7/15)             Temple (1/1) D:5         Ossuary (visited)

Altars:
Dithmenos
Elyvilon
Gozag
Kikubaaqudgha
Okawaru
Qazlal
Uskayaw
Vehumet
Wu Jian

Shops:
D:1 [   D:4 :


Innate Abilities, Weirdness & Mutations

You have a pair of horns on your head.
You reflexively headbutt those who attack you in melee.


Message History

The stone arrow misses you.
The stone arrow hits the hornet!
The hornet dies!
Dowan hits you with a +4 dagger of speed.
Fire: B) +2 shortbow (freeze)
Press: ? - help, Q - select action, (/) - cycle Shift-Dir - straight line, f - Dowan
Aim: Dowan, wielding a +4 dagger of speed and wearing a +0 robe of resistance (severely wounded, fast, 63% to hit)
You shoot an arrow. The arrow barely misses Dowan.
The arrow closely misses the ice beast.
You feel sick.
Dowan hits you with a +4 dagger of speed.
Dowan casts a spell at you. The stone arrow hits you!
Fire: B) +2 shortbow (freeze)
Press: ? - help, Q - select action, (/) - cycle Shift-Dir - straight line, f/p - Dowan
Aim: Dowan, wielding a +4 dagger of speed and wearing a +0 robe of resistance (severely wounded, fast, 63% to hit)
You shoot an arrow. The arrow hits Dowan!
You kill Dowan!
Okawaru accepts your kill.
You feel sick.
Fire: B) +2 shortbow (freeze)
Press: ? - help, Q - select action, (/) - cycle Shift-Dir - straight line, f - ice beast
Aim: an ice beast (71% to hit)
You shoot an arrow. The arrow hits the ice beast!
The ice beast is moderately wounded.
You feel sick. The ice beast closely misses you.
The ice beast hits you but does no damage.
Fire: B) +2 shortbow (freeze)
Press: ? - help, Q - select action, (/) - cycle Shift-Dir - straight line, f/p - ice beast
Aim: an ice beast (moderately wounded, 71% to hit)
You shoot an arrow. The arrow barely misses the ice beast.
You feel sick. The ice beast hits you. The ice beast freezes you!
* * * LOW HITPOINT WARNING * * *
Fire: B) +2 shortbow (freeze)
Press: ? - help, Q - select action, (/) - cycle Shift-Dir - straight line, f/p - ice beast
Aim: an ice beast (moderately wounded, 71% to hit)
You shoot an arrow. The arrow closely misses the ice beast.
You feel sick. The ice beast hits you.
* * * LOW HITPOINT WARNING * * *
The ice beast freezes you!
You die...

#..#
#..#
#..#
#..#
#..###
#....#
##.#.#
[..#Y#
#####@#
#†# #)#
#.# #.#
#.# #..
...


You could see an ice beast.

Vanquished Creatures
  A troll (D:7)
  Duvessa (D:7)
  An orc warrior (D:7)
  An ice beast (D:6)
  A black bear (D:6)
  A sky beast (D:6)
  3 centaurs
  An ogre (D:5)
  A phantom (D:6)
  3 necrophages
  9 scorpions
  Dowan (D:7)
  3 howler monkeys (D:7)
  3 centaur zombies (Ossuary)
  5 orc priests
  3 hounds
  2 human zombies (Ossuary)
  3 jellies
  Jessica (D:3)
  4 iguanas
  2 scorpion zombies (Ossuary)
  Natasha (thrice) (D:3)
  8 orc wizards
  3 mummies (Ossuary)
  8 adders
  A shadow imp (D:5)
  An ufetubus (D:5)
  2 worms (D:4)
  3 dart slugs
  25 orcs
  6 endoplasms
  8 giant cockroaches
  3 hobgoblins
  8 jackals
  8 kobolds
  4 quokkas
  2 ball pythons
  5 bats
  4 frilled lizards
  A gnoll zombie (Ossuary)
  9 goblins
  4 goblin zombies (Ossuary)
  3 kobold zombies (Ossuary)
  An orc zombie (Ossuary)
  A quokka zombie (D:7)
  9 rats
  A rat zombie (D:7)
181 creatures vanquished.

Vanquished Creatures (others)
  A hornet (D:7)
1 creature vanquished.

Grand Total: 182 creatures vanquished

Notes
Turn   | Place    | Note
-------+----------+-------------------------------------------
     0 | D:1      | safid the Minotaur Hunter began the quest for the Orb.
     0 | D:1      | Reached XP level 1. HP: 18/18 MP: 0/0
   165 | D:1      | Reached XP level 2. HP: 16/25 MP: 1/1
   398 | D:1      | Found Itzonlao's Antique Armour Emporium.
   499 | D:1      | Reached skill level 5 in Ranged Weapons
   797 | D:2      | Reached XP level 3. HP: 31/31 MP: 2/2
  1494 | D:2      | HP: 1/31 [orc wizard/+0 dagger (2)]
  1496 | D:2      | Reached skill level 6 in Ranged Weapons
  1496 | D:2      | Reached XP level 4. HP: 3/38 MP: 3/3
  1579 | D:3      | Noticed Jessica
  1595 | D:3      | Killed Jessica
  1663 | D:3      | Noticed Natasha
  1665 | D:3      | Killed Natasha
  1666 | D:3      | Reached skill level 7 in Ranged Weapons
  1666 | D:3      | Reached XP level 5. HP: 45/45 MP: 4/4
  1869 | D:3      | Noticed Natasha
  1878 | D:3      | Killed Natasha
  1883 | D:3      | You fall into a shaft and drop 3 floors!
  1904 | D:5      | Entered Level 5 of the Dungeon
  1932 | D:5      | Reached XP level 6. HP: 51/51 MP: 5/5
  1936 | D:5      | Reached skill level 8 in Ranged Weapons
  2108 | D:3      | Found a faded altar of an unknown god.
  2127 | D:3      | Noticed Natasha
  2131 | D:3      | Killed Natasha
  2390 | D:4      | Reached skill level 9 in Ranged Weapons
  2390 | D:4      | Reached XP level 7. HP: 57/57 MP: 6/6
  2406 | D:4      | Found Zuloanen's Book Shop.
  2476 | D:1      | Bought a masterwork ring mail for 153 gold pieces
  2476 | D:1      | Identified the +0 ring mail "Jeofoilu" {Harm Rampage
                  | *Corrode Dex+4 Stlth+} (You bought it in a shop on level 1
                  | of the Dungeon)
  2989 | D:5      | Reached skill level 10 in Ranged Weapons
  3159 | D:5      | Found a staircase to the Ecumenical Temple.
  3279 | Temple   | Entered the Ecumenical Temple
  3283 | Temple   | Became a worshipper of Warmaster Okawaru
  3421 | D:6      | Reached XP level 8. HP: 63/63 MP: 7/7
  3426 | D:6      | Reached skill level 11 in Ranged Weapons
  3569 | D:6      | Reached * piety under Okawaru
  3570 | D:6      | Reached skill level 12 in Ranged Weapons
  3790 | D:6      | Reached skill level 13 in Ranged Weapons
  4240 | D:7      | Noticed a troll
  4247 | D:7      | Killed a troll
  4248 | D:7      | Reached XP level 9. HP: 69/69 MP: 8/8
  4250 | D:7      | Reached ** piety under Okawaru
  4298 | D:7      | Found a sand-covered staircase.
  4312 | D:7      | Reached skill level 14 in Ranged Weapons
  4316 | Ossuary  | Entered an ossuary
  4775 | D:7      | Noticed Duvessa
  4776 | D:7      | Noticed Dowan
  4783 | D:7      | Killed Duvessa
  4784 | D:7      | Reached skill level 15 in Ranged Weapons
  4798 | D:7      | Killed Dowan
  4801 | D:7      | Slain by an ice beast

Illustrated notes

Levels and vault maps discovered:
D:1:      dpeg_arrival_long_road, layout_loops_cross, serial_shops,
          nicolae_shop_statue_plus, kennysheep_decorative_pillar
D:2:      layout_basic
D:3:      layout_rooms, nicolae_ecumenical_lake_church, nrook_campfire,
          uniq_jessica, uniq_natasha
D:4:      layout_basic, serial_shops, shop
D:5:      layout_basic, minmay_temple_entry_stoned_glass
D:6:      layout_basic, st_stairs_2, minmay_manual_mares
D:7:      layout_loops_ring, led_xom_imps, enter_ossuary_4, uniq_duvessa
Temple:   nicolae_temple_bog_church

Skill      XL: |  1  2  3  4  5  6  7  8  9 |
---------------+----------------------------+-----
Fighting       | 3 |  3.0
Ranged Weapons | 5 6 7 9 10 13 15 | 15.3
Dodging        | |  2.1
Stealth        | |  0.7

Action                   |  1- 3 |  4- 6 |  7- 9 || total
-------------------------+-------+-------+-------++-------
 Fire: Shortbow          |    93 |   155 |   401 ||   649
  Use: Potion            |       |     1 |     3 ||     4
       Scroll            |       |       |     6 ||     6
Armor: Leather armour    |     4 |    36 |    32 ||    72
Dodge: Dodged            |    21 |    93 |   121 ||   235
